 Dungeon Crawl Stone Soup version 0.25-a0-558-g78a2afb0af (webtiles) character file.

Game seed: 4439825240462206234, levelgen mode: deterministic

120 Flugslaktarn the Shield-Bearer (level 5, -6/42 HPs)
             Began as a Formicid Fighter on Feb 24, 2020.
             Mangled by Grinder (7 damage)
             ... on level 4 of the Dungeon.
             The game lasted 00:00:31 (1091 turns).

Flugslaktarn the Shield-Bearer (Formicid Fighter)   Turns: 1091, Time: 00:00:32

Health: -6/42      AC:  7    Str: 22    XL:     5   Next: 25%
Magic:  5/5        EV:  8    Int:  7    God:
Gold:   82         SH:  9    Dex: 10    Spells: 4/4 levels left

rFire    . . .     SeeInvis +   a - +0 war axe
rCold    . . .     Gourm    .   c - +0 kite shield
rNeg     . . .     Faith    .   b - +0 scale mail
rPois    .         Spirit   .   (helmet unavailable)
rElec    .         Reflect  .   (no cloak)
rCorr    .         Harm     .   (no gloves)
MR       .....                  (no boots)
Stlth    ..........             (no amulet)
HPRegen  0.14/turn              (no ring)
MPRegen  0.09/turn              (no ring)

@: no status effects
A: permanent stasis, dig shafts and tunnels, four strong arms, antennae 3
a: Dig, Shaft Self


You were on level 4 of the Dungeon.
You were not hungry.

You visited 1 branch of the dungeon, and saw 4 of its levels.

You collected 82 gold pieces.

Inventory:

Hand Weapons
 a - a +0 war axe (weapon)
Missiles
 k - 2 throwing nets (quivered)
Armour
 b - a +0 scale mail (worn)
 c - a +0 kite shield (worn)
Jewellery
 l - an uncursed amulet of rage {unknown}
   (You found it on level 4 of the Dungeon)
Scrolls
 i - a scroll of identify {unknown}
 j - a scroll of remove curse {unknown}
Potions
 d - a potion of might
 f - 2 potions of flight {unknown}
 g - 2 potions of degeneration {unknown}
 m - a potion of magic {unknown}
Comestibles
 e - 3 rations
 h - 8 chunks of flesh


   Skills:
 + Level 4.0 Fighting
 * Level 3.5 Axes
 + Level 4.0 Armour
 + Level 4.4 Shields


You had 4 spell levels left.
You didn't know any spells.
Your spell library was empty.

Dungeon Overview and Level Annotations

Branches:
Dungeon (4/15)             Temple (0/1) D:4

Altars:

Annotations:
D:4 Grinder


Innate Abilities, Weirdness & Mutations

You cannot be hasted, slowed, berserked, paralysed or teleported.
You can dig through walls and to a lower floor.
Your four strong arms can wield two-handed weapons with a shield.
You have a pair of large antennae on your head. (SInv)


Message History

Grinder says, "You look like you could use a good racking."
Grinder hits you but does no damage.
You hit Grinder but do no damage.
Grinder is moderately wounded.
Grinder gestures at you. Pain shoots through your body!
* * * LOW HITPOINT WARNING * * *
Grinder hits you.
* * * LOW HITPOINT WARNING * * *
You writhe in agony.
* * * LOW HITPOINT WARNING * * *
You slash Grinder!
Grinder is heavily wounded.
Grinder says, "Just stop there for a second..."
Grinder gestures at you. You resist with significant effort.
You closely miss Grinder.
Grinder is heavily wounded.
Grinder hits you!
You die...

# #.##### ###
#.....##### ....
#.....'@5.# ##..
#.....###.# #...###
####### #.# #......
#.# #.....### #.#
#..#....# #.#
...+....# #####.#
.#.#..^.######.....#
...#..##.......#####


You could see Grinder.

Vanquished Creatures
  2 hounds (D:4)
  A worker ant (D:4)
  2 adders
  A dart slug (D:2)
  A ball python (D:4)
  A goblin (D:2)
  2 hobgoblins (D:2)
  2 jackals (D:4)
  2 quokkas (D:2)
  3 bats (D:2)
  A kobold (D:2)
  2 rats (D:2)
20 creatures vanquished.

Notes
Turn   | Place    | Note
-------+----------+-------------------------------------------
     0 | D:1      | Flugslaktarn the Formicid Fighter began the quest for the
                  | Orb.
     0 | D:1      | Reached XP level 1. HP: 18/18 MP: 1/1
   234 | D:2      | Reached XP level 2. HP: 24/24 MP: 2/2
   478 | D:2      | Reached XP level 3. HP: 28/29 MP: 3/3
   636 | D:4      | Reached XP level 4. HP: 17/37 MP: 4/4
   839 | D:4      | Reached XP level 5. HP: 39/42 MP: 5/5
   977 | D:4      | Found a staircase to the Ecumenical Temple.
  1080 | D:4      | Noticed Grinder
  1089 | D:4      | HP: 1/42 [Grinder (4)]
  1091 | D:4      | Mangled by Grinder

Levels and vault maps discovered:
D:1:      dpeg_arrival_water_fire, layout_loops_ring, minivault_23,
          serial_bayou_lagoon_a
D:2:      layout_loops_ring, kennysheep_boxes
D:3:      layout_basic, nicolae_qazlal_general_emergency,
          kennysheep_small_spiral
D:4:      layout_basic, grunt_temple_overflow_order_and_chaos_1,
          nemelex_xobeh_ov_fountains_minmay, lemuel_crystal_altar,
          minmay_temple_entry_mini_moons, uniq_blork_the_orc, uniq_grinder,
          uniq_robin

Skill      XL: |  1  2  3  4  5 |
---------------+----------------+-----
Axes           | 3 |  3.5
Shields        | 4 |  4.4
Fighting       | 4 |  4.0
Armour         | 4 |  4.0

Action                   |  1- 3 |  4- 6 || total
-------------------------+-------+-------++-------
Melee: War axe           |    73 |    33 ||   106
  Eat: Chunk             |       |     1 ||     1
Armor: Scale mail        |    45 |    11 ||    56
Dodge: Dodged            |    38 |    14 ||    52
Block: Kite shield       |    37 |    26 ||    63

Table legend:
 A = Non-vault XP
 B = Vault XP
 C = Vault XP percentage of total XP
 D = Non-vault monster count
 E = Vault monster count
 F = Vault count percentage of total count
                 A         B        C        D         E       F
            +---------+---------+-------+---------+---------+-------
      Total |     172 |       0 |   0.0 |      20 |       0 |   0.0
            +---------+---------+-------+---------+---------+-------
        D:2 |      34 |       0 |   0.0 |      13 |       0 |   0.0
        D:4 |     138 |       0 |   0.0 |       7 |       0 |   0.0
            +---------+---------+-------+---------+---------+-------
